 Dungeon Crawl Stone Soup version 0.30-a0-122-g2a1322497e (webtiles) character file.

Game seed: 6819410740589437608

912 Dreamer the Covert (level 7, -3/36 HPs)
             Began as a Vampire Enchanter on Sept 16, 2022.
             Was a Follower of Wu Jian.
             Slain by a scorpion (5 damage)
             ... on level 6 of the Dungeon.
             The game lasted 00:17:35 (4960 turns).

Dreamer the Covert (Vampire Enchanter)              Turns: 4960, Time: 00:17:36

Health: -3/36      AC:  2    Str: 11    XL:     7   Next: 82%
Magic:  7/14       EV: 13    Int: 17    God:    Wu Jian [*.....]
Gold:   442        SH:  4    Dex: 15    Spells: 4/15 levels left

rFire   + . .      SeeInvis +    j - +2 dagger (freeze)
rCold   + . .      Faith    .    (no shield)
rNeg    + + +      Spirit   .    b - +0 robe
rPois   ∞          Reflect  .    (no helmet)
rElec   .          Harm     .    n - +0 cloak
rCorr   .          Rampage  .    z - +2 pair of gloves
Will    .....                    (no boots)
Stlth   ++++++....               (no amulet)
HPRegen 0.00/turn                y - ring of fire
MPRegen 0.14/turn                (no ring)

@: confusing by touch, corroded, very slightly contaminated, bloodless,
inhibited regen
A: bloodless, fangs 3, see invisible, vampiric 2, talons 1, large bone plates 1,
strong 1, evolution 1
a: Bat Form, Revivify, Renounce Religion


You were on level 6 of the Dungeon.
You worshipped Wu Jian.
Wu Jian was aware of your devotion.
You visited 1 branch of the dungeon, and saw 6 of its levels.

You collected 442 gold pieces.

Inventory:

Hand Weapons
 j - a +2 dagger of freezing (weapon)
 p - a +0 rapier
 E - a +2 short sword of speed
Armour
 b - a +0 robe (worn)
 n - a +0 cloak (worn)
 z - a +2 pair of gloves (worn)
Jewellery
 y - a ring of fire (left hand)
Wands
 C - a wand of iceblast (10)
Scrolls
 d - 2 scrolls of poison {unknown}
 e - 2 scrolls of brand weapon {unknown}
 g - a scroll of blinking {unknown}
 i - 2 scrolls of enchant armour
 k - a scroll of magic mapping {unknown}
 m - 3 scrolls of fog
 q - a scroll of teleportation {unknown}
 r - a scroll of noise {unknown}
 u - a scroll of immolation {unknown}
 v - a scroll of fear {unknown}
 w - 2 scrolls of amnesia {unknown}
 x - a scroll of vulnerability {unknown}
 D - 2 scrolls of identify
Potions
 a - a potion of magic
 c - a potion of invisibility
 f - a potion of brilliance
 h - 4 potions of lignification
 l - 2 potions of haste {unknown}
 o - 3 potions of mutation
 s - 2 potions of flight {unknown}
 t - a potion of ambrosia {unknown}
 A - a potion of attraction {unknown}


   Skills:
 + Level 0.1 Fighting
 + Level 3.5 Short Blades
 + Level 4.1 Dodging
 * Level 8.7 Stealth
 * Level 4.8 Spellcasting
 + Level 6.6 Hexes


You had 4 spell levels left.
You knew the following spells:

 Your Spells              Type           Power      Damage    Failure   Level
a - Ensorcelled Hibernat  Hex/Ice        30%        N/A       5%          2
b - Confusing Touch       Hex            26%        N/A       2%          3
c - Tukima's Dance        Hex            26%        N/A       2%          3
d - Dazzling Flash        Conj/Hex       30%        N/A       11%         3

Your spell library contained the following spells:

 Spells                   Type           Power      Damage    Failure   Level
 Frozen Ramparts          Ice            8%         1d2       41%         3
 Ice Form                 Ice/Tmut       4%         N/A       82%         4
 Summon Ice Beast         Ice/Summ       4%         N/A       82%         4


Dungeon Overview and Level Annotations

Branches:
Dungeon (6/15)
 Temple: D:4-7

Altars:
Ashenzari
Dithmenos
Makhleb
Qazlal
Wu Jian

Shops:
D:1 :   D:5 *


Innate Abilities, Weirdness & Mutations

You do not regenerate when monsters are visible.
You are frail without blood (-20% HP).
You can heal yourself when you bite living creatures.
You are immune to poison.
You have razor-sharp teeth.
You have supernaturally acute eyesight. (SInv)
You are afflicted with vampirism and can become a bat while bloodless.
You have sharp toenails.
You are partially covered in large bone plates. (SH +4)
Your muscles are strong. (Str +4, Int/Dex -1)
You have hidden genetic potential.


Message History

A scorpion comes into view.
Found 15 gold pieces.
There is an open door here.
You hear a slurping noise.
The jelly eats the door!
A jelly comes into view.
You hit the jelly. You freeze the jelly.
Your hands burn!
You claw the jelly.
The jelly is heavily wounded.
You hit the jelly. You freeze the jelly.
Your hands burn!
The jelly is severely wounded.
The jelly hits you. The acid corrodes you!
You are splashed with acid!
You hit the jelly but do no damage.
Your hands burn!
You claw the jelly, but do no damage.
The jelly is severely wounded.
The jelly hits you.
You are splashed with acid!
* * * LOW HITPOINT WARNING * * *
You are too injured to fight recklessly!
You hit the jelly. You freeze the jelly.
Your hands burn!
* * * LOW HITPOINT WARNING * * *
You claw the jelly.
You kill the jelly!
The Council accepts your kill.
Casting: Ensorcelled Hibernation (safe; 5% risk of failure)
Confirm with . or Enter, or press ? or * to list all spells.
Aiming: Ensorcelled Hibernation (safe; 5% risk of failure)
Press: ? - help, Shift-Dir - straight line, f - scorpion
Aim: a scorpion (chance to affect: 49%)
The scorpion resists with some effort.
The scorpion barely misses you.
Casting: Ensorcelled Hibernation (safe; 5% risk of failure)
Confirm with . or Enter, or press ? or * to list all spells.
Your hands begin to glow red.
The scorpion closely misses you.
Casting: Confusing Touch (dangerous; 2% risk of failure)
Confirm with . or Enter, or press ? or * to list all spells.
Aiming: Ensorcelled Hibernation (safe; 5% risk of failure)
Press: ? - help, Shift-Dir - straight line, f/p - scorpion
Aim: a scorpion (chance to confuse on hit: 57%, chance to affect: 49%)
You miscast Ensorcelled Hibernation.
You are very lightly contaminated with residual magic.
Nothing appears to happen.
The scorpion stings you.
You die...

... ..###### .$
#.....##+###..
#.....#.......
#.....#.......
#.....#.....[.
#.....#.......
#.....#s......
#.....@...#
#####.....#.###
#.....#####...
#.....# ...#
#.....# ...#
#.....# ...#
#.....# ...#
#.....#########
##'###........


You could see a scorpion.

Vanquished Creatures
  Pikel (D:4)
  A bullfrog (D:5)
  2 jellies
  Crazy Yiuf (D:4)
  2 hounds (D:4)
  2 orc priests (D:3)
  Ijyb (D:5)
  An iguana (D:5)
  5 adders
  A white imp (D:5)
  An ufetubus (D:4)
  2 worms (D:2)
  A dart slug (D:5)
  6 orcs
  4 ball pythons
  4 bats
  6 endoplasms
  7 giant cockroaches
  8 goblins
  8 hobgoblins
  10 jackals
  3 quokkas
  4 frilled lizards
  6 rats
87 creatures vanquished.

Vanquished Creatures (others)
  A plant (D:2)
1 creature vanquished.

Grand Total: 88 creatures vanquished

Notes
Turn   | Place    | Note
-------+----------+-------------------------------------------
     0 | D:1      | Dreamer the Vampire Enchanter began the quest for the Orb.
     0 | D:1      | Reached XP level 1. HP: 13/13 MP: 3/3
   176 | D:1      | Reached XP level 2. HP: 19/19 MP: 5/5
   194 | D:1      | Learned a level 2 spell: Ensorcelled Hibernation
   213 | D:1      | Found Imines's Book Emporium.
   246 | D:1      | Found a faded altar of an unknown god.
   312 | D:1      | Reached skill level 5 in Stealth
   537 | D:1      | Gained mutation: You are afflicted with vampirism and can
                  | become a bat while bloodless. [Vampire growth]
   537 | D:1      | Reached XP level 3. HP: 24/24 MP: 1/6
  1135 | D:2      | Identified the +1 barding of the Gloaming {+Inv rN+ Str+2}
  1476 | D:2      | Reached skill level 5 in Hexes
  1643 | D:3      | Found a broken altar of Ashenzari.
  1695 | D:3      | Reached XP level 4. HP: 30/30 MP: 8/8
  1754 | D:3      | Identified the +0 leather armour of the Moon Troll {Harm
                  | rF- Str+4}
  1757 | D:3      | Found a burning altar of Makhleb.
  2238 | D:4      | Found an ornate altar of the Wu Jian Council.
  2239 | D:4      | Found a shadowy altar of Dithmenos.
  2241 | D:4      | Became a worshipper of the Wu Jian Council
  2381 | D:4      | Reached skill level 6 in Stealth
  2429 | D:4      | Noticed a lemure
  2588 | D:4      | Reached XP level 5. HP: 35/35 MP: 9/9
  2759 | D:4      | Noticed a lemure
  2821 | D:4      | Noticed Pikel
  2821 | D:4      | Noticed a lemure
  2821 | D:4      | Noticed a lemure
  3266 | D:4      | Found a runed translucent door.
  3267 | D:4      | Noticed Crazy Yiuf
  3273 | D:4      | Killed Crazy Yiuf
  3314 | D:4      | Killed Pikel
  3315 | D:4      | Reached skill level 8 in Stealth
  3315 | D:4      | Reached XP level 6. HP: 41/41 MP: 6/12
  3315 | D:4      | Reached XP level 7. HP: 46/46 MP: 6/13
  3424 | D:4      | Gained mutation: You are partially covered in large bone
                  | plates. (SH +4) [potion of mutation]
  3424 | D:4      | Gained mutation: Your muscles are strong. (Str +4, Int/Dex
                  | -1) [potion of mutation]
  3424 | D:4      | Gained mutation: You have hidden genetic potential. [potion
                  | of mutation]
  3424 | D:4      | Gained mutation: You have sharp toenails. [potion of
                  | mutation]
  3527 | D:5      | Entered Level 5 of the Dungeon
  3749 | D:5      | Reached * piety under Wu Jian
  3827 | D:5      | Noticed Ijyb
  3837 | D:5      | Killed Ijyb
  4035 | D:5      | Found a stormy altar of Qazlal.
  4385 | D:5      | Learned a level 3 spell: Confusing Touch
  4389 | D:5      | Learned a level 3 spell: Tukima's Dance
  4393 | D:5      | Learned a level 3 spell: Dazzling Flash
  4422 | D:5      | Found Duijats's Neck Hole.
  4960 | D:6      | Slain by a scorpion

Illustrated notes

Levels and vault maps discovered:
D:1:      psy_arrival_dodecagon, layout_loops_ring, serial_shops, shop,
          dreamdust_ecumenical_altar_grove, minmay_hexomino_f4
D:2:      layout_loops_cross, serial_bayou_pond_a
D:3:      layout_loops_ring, bloody_makhleb, amcnicky_altar_gilded,
          minmay_misc_feat_ornament
D:4:      layout_basic, minitemple, zin_treasury, uniq_crazy_yiuf_cottage,
          uniq_pikel
D:5:      layout_layer_cave, lemuel_round_altar,
          nicolae_shop_sticking_my_neck_out, uniq_ijyb
D:6:      layout_gridville, minmay_temple_entry_proselytizer

Skill      XL: |  1  2  3  4  5  6  7 |
---------------+----------------------+-----
Stealth        | 5 6 8 |  8.7
Hexes          | 5 6 |  6.6
Short Blades   | 2 3 |  3.5
Spellcasting   | 3 4 |  4.8
Dodging        | 3 4 |  4.1
Fighting       | |  0.1

Action                   |  1- 3 |  4- 6 |  7- 9 || total
-------------------------+-------+-------+-------++-------
Melee: Dagger            |    81 |    53 |    40 ||   174
       Bite              |     5 |     3 |     3 ||    11
       Punch             |       |     3 |       ||     3
       Kick              |       |       |    11 ||    11
 Cast: Ensorcelled Hiber |    12 |     8 |    14 ||    34
       Confusing Touch   |       |       |     1 ||     1
Invok: Lunge             |       |    11 |     7 ||    18
 Abil: Exsanguinate      |       |       |     1 ||     1
  Use: Potion            |       |     1 |     1 ||     2
       Scroll            |       |       |     6 ||     6
 Stab: Sleeping          |    23 |     9 |    11 ||    43
       Invisible         |       |     2 |       ||     2
Armor: Robe              |     4 |     9 |     3 ||    16
Dodge: Dodged            |    43 |    32 |    11 ||    86
Block: Other             |       |       |     6 ||     6

Table legend: (Time is in decaauts)
 A = Elapsed time spent in this place.
 B = Non-inter-level travel time spent in this place.
 C = Inter-level travel time spent in this place.
 D = Time resting spent in this place.
 E = Time spent auto-exploring this place.
 F = Levels seen in this place.
 G = Mean time per level.
                   A        B        C        D        E       F      G
               +--------+--------+--------+--------+--------+-----+--------+
         Total |   4950 |   4718 |    232 |    280 |   3281 |   6 |  825.0 |
       Dungeon |   4950 |   4718 |    232 |    280 |   3281 |   6 |  825.0 |
               +--------+--------+--------+--------+--------+-----+--------+

Top non-repeatable levels by time:
     D:5: 1370 daAuts
     D:4: 1078 daAuts
     D:3: 937 daAuts
     D:1: 805 daAuts
     D:2: 700 daAuts
     D:6: 58 daAuts
